 Dungeon Crawl Stone Soup version 0.31-a0-177-g4aa6249778 (webtiles) character file.

Game seed: 1061836941995346496

1 Moral the Grasshopper (level 1, 0/10 HPs)
             Began as a Spriggan Warper on June 19, 2023.
             Succumbed to a kobold's poison
             ... on level 1 of the Dungeon.
             The game lasted 00:01:11 (125 turns).

Moral the Grasshopper (Spriggan Warper)              Turns: 125, Time: 00:01:12

Health: 0/10       AC:  2    Str:  7    XL:     1   Next: 16%
Magic:  5/5        EV: 17    Int: 14    God:
Gold:   0          SH:  0    Dex: 14    Spells: 5/5 levels left

rFire   . . .        a - +0 short sword
rCold   . . .        (no shield)
rNeg    . . .        b - +0 robe
rPois   .            (helmet restricted)
rElec   .            (no cloak)
rCorr   .            (gloves unavailable)
SInv    +            (boots unavailable)
Will    .....        (no amulet)
Stlth   +            (no ring)
HPRegen 0.21/turn    (no ring)
MPRegen 0.09/turn

%: no passive effects
@: lethally poisoned (0 -> -1), invisible, very quick
A: very small, no large weapons, unfitting armour, see invisible, speed 3
a: no special abilities


You were on level 1 of the Dungeon.
You visited 1 branch of the dungeon, and saw 1 of its levels.

Inventory:

Hand Weapons
 a - a +0 short sword (weapon)
 g - a +0 short sword of venom
Missiles
 d - 7 boomerangs of dispersal (quivered)
Armour
 b - a +0 robe (worn)
Jewellery
 c - a ring of positive energy


   Skills:
 + Level 1.5 Fighting
 * Level 2.2 Short Blades
 + Level 1.0 Throwing
 + Level 3.2 Dodging
 * Level 0.1 Stealth
 + Level 2.7 Spellcasting
 * Level 4.4 Translocations


You had 5 spell levels left.
You didn't know any spells.
Your spell library contained the following spells:

 Spells                   Type           Power      Damage    Failure   Level
 Blink                    Tloc           28%        N/A       5%          2
 Lesser Beckoning         Tloc           28%        N/A       5%          2
 Teleport Other           Tloc           14%        N/A       11%         3
 Vhi's Electric Charge    Tloc/Air       16%        N/A       26%         3
 Manifold Assault         Tloc           14%        N/A       34%         4


Dungeon Overview and Level Annotations

Branches:
Dungeon (1/15)

Altars:


Innate Abilities, Weirdness & Mutations

You are very small and have problems with some larger weapons.
You are too small for most types of armour.
You have supernaturally acute eyesight. (SInv)
You cover ground extremely quickly. (Speed+++)


Message History

The kobold shouts!
Found a large pearl ring.
A ball python comes into view.
The kobold hits you but does no damage.
You are poisoned.
The ball python hisses angrily.
You hit the kobold.
The kobold is moderately wounded.
You feel sick. The kobold completely misses you.
You hit the kobold.
You kill the kobold!
You feel sick.
No target in view!
No target in view!
You feel sick. The ball python bites you. The ball python barely misses you.
Things that are here:
a +0 short sword of venom; a kobold corpse
g - a +0 short sword of venom You feel sick.
The ball python completely misses you. The ball python grabs you.
The ball python constricts you.
It was a potion of invisibility.
You fade into invisibility!
* * * LOW HITPOINT WARNING * * *
You feel sick. The ball python barely misses you.
The ball python constricts you.
* * * LOW HITPOINT WARNING * * *
Blink to where?
Press: ? - help, Dir - move target You escape the ball python's grasp.
As you read the scroll of blinking, it crumbles to dust.
* * * LOW HITPOINT WARNING * * *
You feel sick.
You aren't carrying any potions.
As you read the scroll labelled PIM RY FUECW, it crumbles to dust.
It is a scroll of identify.
You don't currently have any unidentified items.
* * * LOW HITPOINT WARNING * * *
You feel sick.
c - a ring of positive energy You die...

... #.#.#.##.##.#
.....#.#.........#
.......†...##.#####
#.#...S....##.....#
##.#..##.######.#
#.#..#..#......#
.#.##.#..#.##.###..#
..............# #..#
.#@...######..#####
.......................#
.######.#.##.......#####
### #.#.#########....#
.. #.# # #.#.## .. #.#
#.#.# #.####### #.#.##
######.#.# #.......#
##......#......#.#
#.......#
.........#.##.#.#[#


You could see a ball python (unable to see you).

Vanquished Creatures
  A kobold (D:1)
  A rat (D:1)
2 creatures vanquished.

Notes
Turn   | Place    | Note
-------+----------+-------------------------------------------
     0 | D:1      | Moral the Spriggan Warper began the quest for the Orb.
     0 | D:1      | Reached XP level 1. HP: 10/10 MP: 5/5
   125 | D:1      | Succumbed to a kobold's poison

Illustrated notes

Levels and vault maps discovered:
D:1:      lemuel_arrival_room, layout_basic, serial_shops, nicolae_square_shop

Action                     || total
---------------------------++-------
  Melee: Short sword       ||     5
    Use: Scroll            ||     2
         Potion            ||     1
 Armour: Robe              ||     2
  Dodge: Dodged            ||     4

Table legend: (Time is in decaauts)
 A = Elapsed time spent in this place.
 B = Non-inter-level travel time spent in this place.
 C = Inter-level travel time spent in this place.
 D = Time resting spent in this place.
 E = Time spent auto-exploring this place.
 F = Levels seen in this place.
 G = Mean time per level.
                   A        B        C        D        E       F      G
               +--------+--------+--------+--------+--------+-----+--------+
         Total |     81 |     81 |      0 |      0 |     64 |   1 |   81.0 |
       Dungeon |     81 |     81 |      0 |      0 |     64 |   1 |   81.0 |
               +--------+--------+--------+--------+--------+-----+--------+

Top non-repeatable levels by time:
     D:1: 81 daAuts
